 Dungeon Crawl Stone Soup version 0.27-a0-1191-g601b473118 (webtiles) character file.

Game seed: 18190770758270276172

1064 Zeld the Cleaver (level 8, -5/64 HPs)
             Began as a Minotaur Berserker on May 23, 2021.
             Was a Priest of Trog.
             Slain by a gnoll
             ... wielding a +0 spear
              (7 damage)
             ... on level 5 of the Dungeon.
             The game lasted 00:04:26 (8906 turns).

Zeld the Cleaver (Minotaur Berserker)               Turns: 8906, Time: 00:04:27

Health: -5/64      AC:  0    Str: 24    XL:     8   Next: 6%
Magic:  7/7        EV:  7    Int:  4    God:    Trog [***...]
Gold:   192        SH: 12    Dex: 10    Spells: 7/7 levels left

rFire    . . .     SeeInvis .   a - +0 hand axe
rCold    . . .     Faith    .   c - +0 tower shield
rNeg     . . .     Spirit   .   (no armour)
rPois    .         Reflect  .   (helmet restricted)
rElec    .         Harm     .   (no cloak)
rCorr    .         Rampage  .   (no gloves)
Will     .....                  (no boots)
Stlth    +.........             (no amulet)
HPRegen  0.20/turn              (no ring)
MPRegen  0.10/turn              (no ring)

@: on berserk cooldown, slowed, very slow
A: horns 2, retaliatory headbutt
a: Renounce Religion, Berserk, Trog's Hand


You were on level 5 of the Dungeon.
You worshipped Trog.
Trog was most pleased with you.
You visited 1 branch of the dungeon, and saw 5 of its levels.

You collected 192 gold pieces.

Inventory:

Hand Weapons
 a - a +0 hand axe (weapon)
Armour
 c - a +0 tower shield (worn)
Wands
 p - a wand of flame (17)
 q - a wand of acid (3)
Scrolls
 d - 6 scrolls of immolation {unknown}
 e - 9 scrolls of identify {unknown}
 f - a scroll of fog {unknown}
 g - 2 scrolls of noise {unknown}
 i - a scroll of silence {unknown}
 l - 5 scrolls of teleportation {unknown}
 n - a scroll of brand weapon {unknown}
 o - 3 scrolls of vulnerability {unknown}
Potions
 b - a potion of brilliance {unknown}
 h - 2 potions of lignification {unknown}
 j - 2 potions of mutation {unknown}
 k - a potion of invisibility {unknown}
 m - 4 potions of curing {unknown}


   Skills:
 - Level 3.6 Fighting
 * Level 11.6 Axes
 - Level 2.4 Armour
 - Level 2.1 Dodging


You had 7 spell levels left.
You didn't know any spells.
Your spell library was empty.

Dungeon Overview and Level Annotations

Branches:
Dungeon (5/15)
 Temple: D:4-7

Altars:
Ashenzari
Sif Muna


Innate Abilities, Weirdness & Mutations

You have a pair of horns on your head.
You reflexively headbutt those who attack you in melee.


Message History

There is a stone staircase leading down here.
You start resting.
You feel yourself speed up.
You start resting.
You recover from your berserk rage.
You start resting.
You start resting.
HP restored.
You start waiting.
You start waiting.
You start waiting.
Done waiting.
A red film seems to cover your vision as you go berserk!
You feel yourself moving faster!
You feel mighty!
You feel a strong urge to attack something.
You climb downwards.
There is a stone staircase leading up, spattered with blood here.
You see here a throwing net.
You feel your anger nearly subside.
You are no longer berserk.
You are exhausted.
You feel yourself slow down. The gnoll hits you with a +0 spear!
The gnoll closely misses you. The gnoll barely misses you.
The gnoll hits you with a +0 spear!
The gnoll hits you from afar with a +0 halberd!
You hit the gnoll.
The gnoll is heavily wounded.
The gnoll hits you from afar with a +0 halberd!
You block the gnoll's attack. x2; The gnoll barely misses you.
The gnoll hits you from afar with a +0 halberd!
The gnoll barely misses you. The gnoll hits you with a +0 spear!
* * * LOW HITPOINT WARNING * * *
You block the gnoll's attack. The gnoll closely misses you.
The gnoll hits you from afar with a +0 halberd!
* * * LOW HITPOINT WARNING * * *
The gnoll hits you from afar with a +0 spear.
* * * LOW HITPOINT WARNING * * *
The gnoll hits you from afar with a +0 spear!
You die...

#..........###.##.....#####.#.#..
#.......<.......#...).# #.#.#.#
#........).##...#.....#####......
............+............gg.#.#.#
#..........##.........#####.#.#.#
#########.....[..g....# #.#.#.#
#.####..ggg...# #g#.#.#
#.##......##### #.....#
..##.#..@.# ###....
####.#.<((############..# #
#..................#
#..........######g##
#..#####......g..... #..#
#.......##### ##.# #.###...# #
..# ##.# #...# # #.####...##...#
#


You could see 4 gnolls.

Vanquished Creatures
  Sigmund (D:5)
  A necrophage (D:4)
  3 ogres
  A centaur (D:5)
  A bullfrog (D:4)
  A water moccasin zombie (D:5)
  A bullfrog zombie (D:3)
  2 hounds
  An orc priest (D:4)
  A gnoll shaman (D:4)
  An iguana (D:4)
  2 hound skeletons (D:4)
  Robin (D:3)
  3 gnolls (D:5)
  4 adders
  2 worms
  3 dart slugs
  7 orcs
  3 ball pythons
  2 bats
  8 endoplasms
  4 giant cockroaches
  16 goblins
  8 hobgoblins
  4 jackals (D:1)
  2 kobolds
  5 quokkas
  2 frilled lizards
  5 rats
95 creatures vanquished.

Vanquished Creatures (others)
  11 plants
11 creatures vanquished.

Grand Total: 106 creatures vanquished

Notes
Turn   | Place    | Note
-------+----------+-------------------------------------------
     0 | D:1      | Zeld the Minotaur Berserker began the quest for the Orb.
     0 | D:1      | Reached XP level 1. HP: 19/19 MP: 0/0
    68 | D:1      | Reached skill level 4 in Axes
   255 | D:1      | Reached XP level 2. HP: 26/26 MP: 1/1
  1168 | D:2      | Found a faded altar of an unknown god.
  1185 | D:2      | Found a shimmering blue altar of Sif Muna.
  1481 | D:2      | Reached skill level 5 in Axes
  1481 | D:2      | Reached XP level 3. HP: 16/31 MP: 2/2
  3381 | D:3      | Reached ** piety under Trog
  3857 | D:3      | Noticed Robin
  3860 | D:3      | Reached skill level 6 in Axes
  3860 | D:3      | Reached XP level 4. HP: 39/39 MP: 3/3
  3870 | D:3      | Killed Robin
  4590 | D:4      | Noticed an ogre
  4595 | D:4      | Reached XP level 5. HP: 30/45 MP: 4/4
  4598 | D:4      | Killed an ogre
  4599 | D:4      | Reached skill level 7 in Axes
  4603 | D:4      | Reached skill level 8 in Axes
  4603 | D:4      | Reached XP level 6. HP: 16/51 MP: 5/5
  5275 | D:4      | Reached *** piety under Trog
  5276 | D:4      | Reached skill level 9 in Axes
  5734 | D:4      | Reached XP level 7. HP: 22/57 MP: 6/6
  6122 | D:5      | Entered Level 5 of the Dungeon
  6134 | D:5      | Reached skill level 10 in Axes
  6688 | D:5      | Noticed Sigmund
  6699 | D:5      | Killed Sigmund
  6790 | D:5      | Reached skill level 11 in Axes
  6993 | D:5      | Reached XP level 8. HP: 34/64 MP: 7/7
  7255 | D:5      | Found a broken altar of Ashenzari.
  8906 | D:5      | HP: 2/64 [gnoll/+0 spear (5)]
  8906 | D:5      | Slain by a gnoll

Illustrated notes

Levels and vault maps discovered:
D:1:      lightli_arrival_farm, layout_rooms, minmay_misc_feat_ornament,
          fountainhead
D:2:      layout_basic, basic_ecumenical_altar, serial_forest,
          infiniplex_forest_pool, infiniplex_forest_clump_double,
          infiniplex_forest_straight_3, infiniplex_forest_clump_medium,
          infiniplex_forest_corner_2, infiniplex_forest_zigzag_1,
          infiniplex_forest_end_3, infiniplex_forest_corner_1, basic_altar
D:3:      layout_loops_corners, uniq_robin
D:4:      minmay_general_purpose_star, layout_basic, serial_bayou_ford_a,
          minmay_bent
D:5:      layout_basic, nicolae_overflow_crystal_walls,
          brannock_xom_greatest_gift, uniq_sigmund

Skill      XL: |  1  2  3  4  5  6  7 |
---------------+----------------------+-----
Axes           | 4 5 6 8 9 11 | 11.6
Fighting       | |  3.6
Armour         | |  2.4
Dodging        | |  2.1

Action                   |  1- 3 |  4- 6 |  7- 9 || total
-------------------------+-------+-------+-------++-------
Melee: Hand axe          |    87 |   107 |    53 ||   247
       Headbutt          |    12 |    20 |    16 ||    48
Invok: Berserk           |     1 |     1 |     8 ||    10
 Stab: Sleeping          |       |     1 |     1 ||     2
Dodge: Dodged            |    36 |    28 |    25 ||    89
Block: Tower shield      |    32 |    65 |    49 ||   146

Table legend: (Time is in decaauts)
 A = Elapsed time spent in this place.
 B = Non-inter-level travel time spent in this place.
 C = Inter-level travel time spent in this place.
 D = Time resting spent in this place.
 E = Time spent auto-exploring this place.
 F = Levels seen in this place.
 G = Mean time per level.
                   A        B        C        D        E       F      G
               +--------+--------+--------+--------+--------+-----+--------+
         Total |   9132 |   8961 |    171 |   2637 |   5634 |   5 | 1826.4 |
       Dungeon |   9132 |   8961 |    171 |   2637 |   5634 |   5 | 1826.4 |
               +--------+--------+--------+--------+--------+-----+--------+

Top non-repeatable levels by time:
     D:4: 3460 daAuts
     D:3: 1809 daAuts
     D:2: 1710 daAuts
     D:1: 1154 daAuts
     D:5: 998 daAuts
